 Dungeon Crawl Stone Soup version 0.16-a0-4048-g245e628 (webtiles) character file.

4 timbw the Caller (level 1, 0/7 HPs)
             Began as a Felid Summoner on Feb 19, 2015.
             Slain by a jackal (3 damage)
             ... on level 1 of the Dungeon.
             The game lasted 00:00:39 (147 turns).

timbw the Caller (Felid Summoner)                    Turns: 147, Time: 00:00:40

Health: 0/7        AC:  1    Str:  4    XL:     1   Next: 58%
Magic:  1/4        EV: 18    Int: 16    God:
Gold:   0          SH:  0    Dex: 16    Spells: 1 memorised, 3 levels left
                                        Lives:  0   Deaths: 0

rFire  . . .     SeeInvis +     (weapon unavailable)
rCold  . . .     Clarity  .     (armour unavailable)
rNeg   . . .     SustAb   .     (shield unavailable)
rPois  .         Gourm    .     (helmet unavailable)
rElec  .         Spirit   .     (cloak unavailable)
rCorr  .         Warding  .     (gloves unavailable)
rMut   .         Stasis   .     (boots unavailable)
MR     .....                    (no amulet)
Stlth  +++.......               (no ring)
                                (no ring)

@: quick, not resistant to hostile enchantments, fairly stealthy
A: paw claws, no armour, no weapons or thrown items, fangs 3, see invisible,
carnivore 3, speed 1, shaggy fur 1, slow metabolism 1, sharp paws
a: no special abilities


You were on level 1 of the Dungeon.
You were full.

You visited 1 branch of the dungeon, and saw 1 of its levels.

Inventory:

Scrolls
 a - a scroll of recharging {unknown}
 d - a scroll of magic mapping {unknown}
Potions
 e - a potion of haste {unknown}
Books
 b - a book of Callings

   Spells                             Type                      Level
   a - Summon Small Mammal            Summoning                    1
   b - Call Imp                       Summoning                    2
   c - Call Canine Familiar           Summoning                    3
   d - Summon Guardian Golem          Hexes/Summoning              4
   e - Summon Lightning Spire         Summoning/Air                4
   f - Summon Ice Beast               Ice/Summoning                4
Comestibles
 c - a meat ration


   Skills:
 - Level 2.6 Dodging
 - Level 2.6 Stealth
 - Level 2.0 Spellcasting
 + Level 4.2 Summonings


You had 3 spell levels left.
You knew the following spells:

 Your Spells              Type           Power        Failure   Level  Hunger
a - Summon Small Mammal   Summ           ###.         4%          1    #......


Dungeon Overview and Level Annotations

Branches:
Dungeon (1/15)

Altars:


Innate Abilities, Weirdness & Mutations

You cannot wear armour.
You are incapable of wielding weapons or throwing items.
You have razor-sharp teeth.
You have supernaturally acute eyesight.
You are carnivorous and can eat meat at any time.
You cover ground quickly.
You are covered in fur (AC +1).
You have a slow metabolism.
Your paws have sharp claws that are effective at stabbing.


Message History

Your bat misses the giant gecko.
Your bat closely misses the giant gecko.
Your bat barely misses the jackal.
Your bat misses the jackal. The giant gecko barely misses your bat.
Your bat closely misses the jackal.
Your bat hits the jackal but does no damage.
Your bat barely misses the jackal.
Your bat closely misses the jackal.
Your bat barely misses the jackal.
The jackal closely misses you.
Your bat hits the jackal but does no damage.
Your bat barely misses the jackal.
Your bat closely misses the jackal.
Your bat hits the jackal. Your bat hits the jackal.
Your bat hits the jackal but does no damage.
Your bat hits the jackal but does no damage.
Your bat closely misses the jackal.
Your bat hits the jackal.
The jackal dies!
Casting: Summon Small Mammal
Confirm with . or Enter, or press ? or * to list all spells.
The jackal bites you.
You die...

#.....#..# #.# # #.#
#.#..####.##### ..
#.##.###.............# #. #
..........####.###.. ..
####.##.#.####.####.###.####.
#......................... ..
#######.#.#########.###.# #.
###.#.#########.###.####.
#.......@hrbbbh.l........
#####.#########...l......
#.#########.###.####.
#...........# #.# ##
#.#########.# #.# #.# #.# #.#
#.# #.# #.# #.# #.# #.# ###
### ###


You could see a giant gecko, 2 jackals, a friendly quokka and 3 friendly bats.

Vanquished Creatures
  A rat (D:1)
1 creature vanquished.

Vanquished Creatures (collateral kills)
  2 ball pythons (D:1)
  A kobold (D:1)
  A giant gecko (D:1)
  A jackal (D:1)
  A rat (D:1)
6 creatures vanquished.

Vanquished Creatures (others)
  A bat (D:1)
  A rat (D:1)
2 creatures vanquished.

Grand Total: 9 creatures vanquished

Notes
Turn   | Place    | Note
--------------------------------------------------------------
     0 | D:1      | timbw, the Felid Summoner, began the quest for the Orb.
     0 | D:1      | Reached XP level 1. HP: 7/7 MP: 4/4
   147 | D:1      | Slain by a jackal

Action                   || total
-------------------------++-------
Melee: Unarmed           ||     3
 Cast: Summon Small Mamm ||    10
  Eat: Chunk             ||     3
